 Dungeon Crawl Stone Soup version 0.31-a0-358-gac0dbeb3ab (webtiles) character file.

Game seed: 4970974848927214766

8409 bobarctor the Scholar of Death (level 11, -3/68 HPs)
             Began as a Demonspawn Necromancer on July 26, 2023.
             Was a Follower of Kikubaaqudgha.
             Slain by a blink frog (14 damage)
             ... on level 2 of the Lair of Beasts.
             The game lasted 00:56:28 (10955 turns).

bobarctor the Scholar of Death (DsNe)              Turns: 10955, Time: 00:56:28

Health: -3/68      AC:  8    Str:  7    XL:     11   Next: 9%
Magic:  17/25      EV: 19    Int: 21    God:    Kikubaaqudgha [*.....]
Gold:   348        SH:  0    Dex: 23    Spells: 7/31 levels left

rFire   . . .        T - +2 short sword (drain)
rCold   . . .        (no shield)
rNeg    . . .        O - +0 steam dragon scales
rPois   .            L - +0 helmet
rElec   .            o - +0 cloak
rCorr   .            n - +0 pair of gloves
SInv    .            (no boots)
Will    .....        P - amulet of magic regeneration
Stlth   +++          I - +5 ring of evasion
HPRegen 0.31/turn    S - +6 ring of dexterity
MPRegen 0.59/turn

%: clarity
@: lethally poisoned (-3 -> -12), spiked
A: hooves 1, foul stench 1, spiny 2, agile 1, clarity
a: Renounce Religion, Unearth Wretches


You were on level 2 of the Lair of Beasts.
You worshipped Kikubaaqudgha.
Kikubaaqudgha was aware of your devotion.
You visited 3 branches of the dungeon, and saw 11 of its levels.

You collected 790 gold pieces.
You spent 442 gold pieces at shops.

Inventory:

Hand Weapons
 z - a +1 short sword of venom
 Q - a +2 falchion
 T - a +2 short sword of draining (weapon)
 V - the +6 shillelagh "Devastator" {shatter}
   (You found it on level 8 of the Dungeon)
Missiles
 d - 148 stones
 e - 5 atropa-tipped darts
 k - 5 javelins
 q - 7 poisoned darts
 r - 4 curare-tipped darts
 H - a throwing net
Armour
 j - the +0 leather armour "Sool" {Str-4 Dex+6}
   (You found it on level 1 of the Lair of Beasts)

   Str:       It affects your strength (-4).
   Dex:       It affects your dexterity (+6).
 n - a +0 pair of gloves (worn)
 o - a +0 cloak (worn)
 p - a +2 leather armour of fire resistance
 D - a scarf of invisibility
 L - a +0 helmet (worn)
 O - +0 steam dragon scales (worn)
Jewellery
 C - a ring of protection from fire
 I - a +5 ring of evasion (left hand)
 P - an amulet of magic regeneration (around neck)
 S - a +6 ring of dexterity (right hand)
 X - an amulet of regeneration
Talismans
 U - a beast talisman
Wands
 w - a wand of iceblast (18)
 E - a wand of paralysis (32)
 F - a wand of flame (23)
Scrolls
 f - 3 scrolls of fear {unknown}
 g - 2 scrolls of revelation {unknown}
 h - 4 scrolls of teleportation {unknown}
 i - a scroll of noise {unknown}
 l - 2 scrolls of immolation {unknown}
 m - 3 scrolls of enchant weapon {unknown}
 s - 2 scrolls of poison {unknown}
 A - 2 scrolls of amnesia {unknown}
 G - 2 scrolls of vulnerability {unknown}
 J - a scroll of enchant armour {unknown}
 Y - a scroll of torment {unknown}
Potions
 a - a potion of resistance
 b - a potion of magic
 c - a potion of cancellation
 t - 5 potions of curing
 B - 3 potions of haste
 K - 2 potions of enlightenment
 M - a potion of heal wounds


   Skills:
 + Level 3.8 Dodging
 + Level 3.4 Stealth
 * Level 10.6 Spellcasting
 + Level 0.1 Conjurations
 * Level 10.9 Necromancy
 * Level 4.4 Translocations
 * Level 3.3 Air Magic
 + Level 0.2 Poison Magic
 * Level 4.6 Evocations


You had 7 spell levels left.
You knew the following spells:

 Your Spells              Type           Power      Damage    Failure   Level
a - Necrotise             Necr           100%       1d9       1%          1
b - Vampiric Draining     Necr           54%        2d9       1%          3
c - Teleport Other        Tloc           29%        N/A       3%          3
d - Freeze                Ice            44%        1d6       6%          1
e - Agony                 Necr           54%        N/A       1%          5
f - Swiftness             Air            25%        N/A       4%          3
g - Hailstorm             Conj/Ice       11%        3d5       19%         3
h - Ensorcelled Hibernat  Hex/Ice        22%        N/A       10%         2
i - Mephitic Cloud        Conj/Pois/Air  16%        N/A       11%         3

Your spell library contained the following spells:

 Spells                   Type           Power      Damage    Failure   Level
 Cigotuvi's Dreadful Rot  Necr/Pois/Air  62%        N/A       1%          2
 Sublimation of Blood     Necr           54%        N/A       1%          2
 Animate Dead             Necr           54%        N/A       1%          4
 Gell's Gravitas          Tloc           29%        N/A       3%          3
 Poisonous Vapours        Pois/Air       36%        N/A       4%          2
 Passwall                 Tmut/Erth      9%         N/A       10%         2
 Frozen Ramparts          Ice            22%        1d4       19%         3
 Petrify                  Tmut/Erth      11%        N/A       52%         4
 Freezing Cloud           Conj/Ice/Air   8%         6-21      71%         5
 Dispersal                Tloc           14%        N/A       83%         6
 Metabolic Englaciation   Hex/Ice        5%         N/A       86%         5


Dungeon Overview and Level Annotations

Branches:
Dungeon (8/15)             Temple (1/1) D:6            Lair (2/5) D:8
  Swamp: Lair:2-3    Shoals: Lair:2-3     Snake: Lair:2-3    Spider: Lair:2-3

Altars:
Ashenzari
Gozag
Hepliaklqana
Kikubaaqudgha
Makhleb
Nemelex Xobeh
Okawaru
Qazlal
Sif Muna
Trog
Uskayaw
Vehumet
Wu Jian
Xom
Yredelemnul

Shops:
D:7 =   D:8 **

Annotations:
Temple 2 transporters


Innate Abilities, Weirdness & Mutations

You have large cloven feet.
You may rarely emit foul miasma when damaged in melee.
You are mostly covered in sharp spines.
You are agile. (Dex +4, Str/Int -1)
You possess an exceptional clarity of mind.


Message History

Aiming: Teleport Other (dangerous; 3% risk of failure)
Press: ? - help, Shift-Dir - straight line, f - black mamba
Aim: a black mamba (lightly wounded, chance to affect: 67%)
The black mamba struggles to resist.
The black mamba bites you! The black mamba barely misses you.
The wind drake is engulfed in noxious fumes.
The wind drake appears confused.
Casting: Teleport Other (dangerous; 3% risk of failure)
Confirm with . or Enter, or press ? or * to list all spells.
Aiming: Necrotise (safe; 1% risk of failure)
Press: ? - help, Shift-Dir - straight line, f - blink frog, p - black mamba
Aim: a blink frog (moderately wounded, chance to affect: 70%)
The blink frog writhes in agony.
The black mamba bites you!
The blink frog is struck by your spines.
The blink frog barely misses you.
The black mamba is struck by your spines.
The black mamba bites you!
You are poisoned.
The black mamba poisons you!
You emit a cloud of foul miasma!
The blink frog blinks!
Casting: Necrotise (safe; 1% risk of failure)
Confirm with . or Enter, or press ? or * to list all spells.
Aiming: Vampiric Draining (safe; 1% risk of failure)
Press: ? - help, Shift-Dir - straight line, f - black mamba, p - blink frog
Aim: a black mamba (foul pestilence, moderately wounded)
You draw life force from the black mamba.
You feel life coursing into your body.
You feel very sick.
The black mamba is engulfed in dark miasma.
The black mamba seems to slow down.
The black mamba bites you.
The blink frog is struck by your spines.
The blink frog hits you but does no damage.
The manticore flicks its tail.
The volley of spikes hits you!!
The barbed spikes become lodged in your body.
* * * LOW HITPOINT WARNING * * *
The black mamba is engulfed in dark miasma.
The black mamba misses you. The blink frog hits you!
You die...
Kikubaaqudgha rasps: "You have failed me!
Welcome... death!"

..k.........# #
..k..........#.#
#..............##
#..............P#
##..............#
###....k..........#
.##.......k.<.......#
....P.....°°°.S§....#
...H...H°<○.@F....#
......○°°.......#
##..............#
#.<............#
#.........F....#
#..............#
#$P.............#
................#
...###.....>


You could see a wind drake (repels missiles, confused), a manticore, a black
mamba (slow), 2 blink frogs and a rime drake.

Vanquished Creatures
  Sonja (Lair:1)
  5 cane toads (Lair:1)
  3 komodo dragons (Lair:1)
  Maggie (D:7)
  A polar bear (Lair:1)
  A blink frog (Lair:1)
  A wyvern (D:8)
  4 yaks (D:8)
  A basilisk (Lair:1)
  2 wargs (D:8)
  2 water moccasins
  Duvessa (D:5)
  3 orc warriors
  3 ice beasts
  4 black bears
  2 sky beasts
  A centaur (D:8)
  A gnoll sergeant (D:8)
  A kobold brigand (D:8)
  8 bullfrogs
  5 scorpions
  6 wights
  Dowan (D:5)
  3 crimson imps
  5 orc priests
  6 hounds
  A gnoll bouda (D:5)
  2 sleepcaps
  2 jellies
  An iguana (D:5)
  Ijyb (D:3)
  5 orc wizards
  10 gnolls
  15 adders
  A shadow imp (D:6)
  4 white imps
  A worm (D:3)
  3 dart slugs
  25 orcs
  5 bats
  8 endoplasms
  A giant cockroach (D:2)
  2 goblins
  3 hobgoblins
  5 jackals
  14 kobolds
  4 quokkas
  3 ball pythons
  A frilled lizard (D:3)
  3 rats
192 creatures vanquished.

Vanquished Creatures (collateral kills)
  A goblin (D:3)
  A quokka (D:1)
  A frilled lizard (D:1)
3 creatures vanquished.

Grand Total: 195 creatures vanquished

Notes
Turn   | Place    | Note
-------+----------+-------------------------------------------
     0 | D:1      | bobarctor the Demonspawn Necromancer began the quest for
                  | the Orb.
     0 | D:1      | Reached XP level 1. HP: 13/13 MP: 3/3
   152 | D:1      | Gained mutation: You are partially covered in sharp spines.
                  | [demonic ancestry]
   152 | D:1      | Reached XP level 2. HP: 19/19 MP: 1/5
   646 | D:1      | Reached skill level 5 in Necromancy
   982 | D:2      | Found an ornate altar of the Wu Jian Council.
  1081 | D:2      | Gained mutation: You may rarely emit foul miasma when
                  | damaged in melee. [demonic ancestry]
  1081 | D:2      | Reached XP level 3. HP: 24/24 MP: 4/6
  1585 | D:2      | Identified the +1 scale mail "Wycwab" {rPois Stlth+}
  1657 | D:2      | Learned a level 3 spell: Vampiric Draining
  1661 | D:2      | Learned a level 3 spell: Teleport Other
  1971 | D:3      | Noticed Ijyb
  1984 | D:3      | Killed Ijyb
  1985 | D:3      | Reached XP level 4. HP: 27/30 MP: 0/8
  2064 | D:3      | Learned a level 1 spell: Freeze
  2163 | D:3      | Found a faded altar of an unknown god.
  2226 | D:3      | Reached XP level 5. HP: 31/35 MP: 2/10
  2603 | D:3      | Reached skill level 1 in Translocations
  3013 | D:3      | Gained mutation: You have large cloven feet. [demonic
                  | ancestry]
  3013 | D:3      | Reached XP level 6. HP: 39/41 MP: 12/12
  3272 | D:4      | Found a stormy altar of Qazlal.
  3272 | D:4      | Noticed a sky beast
  3279 | D:4      | Killed a sky beast
  3458 | D:4      | Reached skill level 5 in Spellcasting
  3582 | D:4      | Noticed an orc warrior
  3599 | D:4      | Killed an orc warrior
  3600 | D:4      | Reached XP level 7. HP: 39/46 MP: 5/14
  4052 | D:4      | Found a sparkling altar of Nemelex Xobeh.
  4109 | D:4      | Found a shimmering altar of Xom.
  4522 | D:5      | Entered Level 5 of the Dungeon
  4561 | D:5      | Noticed Duvessa
  4561 | D:5      | Noticed Dowan
  4575 | D:5      | Killed Duvessa
  4576 | D:5      | Reached skill level 1 in Evocations
  4695 | D:5      | Killed Dowan
  5041 | D:5      | Gained mutation: You are mostly covered in sharp spines.
                  | [demonic ancestry]
  5041 | D:5      | Reached XP level 8. HP: 45/52 MP: 11/17
  6050 | D:6      | Found a staircase to the Ecumenical Temple.
  6068 | Temple   | Found a transporter.
  6068 | Temple   | Found a transporter.
  6068 | Temple   | Found a transporter.
  6068 | Temple   | Found a transporter.
  6068 | Temple   | Entered the Ecumenical Temple
  6082 | Temple   | Became a worshipper of Kikubaaqudgha
  6108 | Temple   | Learned a level 5 spell: Agony
  6112 | Temple   | Learned a level 3 spell: Swiftness
  6116 | Temple   | Learned a level 3 spell: Hailstorm
  6119 | Temple   | Learned a level 2 spell: Ensorcelled Hibernation
  6390 | D:6      | Found a radiant altar of Vehumet.
  6716 | D:6      | Reached skill level 1 in Air Magic
  6951 | D:7      | Reached XP level 9. HP: 49/57 MP: 20/20
  7251 | D:7      | Found a hide-covered altar of Uskayaw.
  7565 | D:7      | Noticed Maggie
  7587 | D:7      | Killed Maggie
  7764 | D:7      | Found Fadeplul's Jewellery Boutique.
  7768 | D:7      | Bought an amulet of magic regeneration for 420 gold pieces
  8006 | D:8      | Found Tuptont's General Store.
  8070 | D:8      | Found Toacat's Assorted Antiques.
  8447 | D:8      | Found a staircase to the Lair.
  8591 | D:8      | Bought a scroll of identify for 22 gold pieces
  8617 | D:8      | Learned a level 3 spell: Mephitic Cloud
  8743 | D:8      | Found the +6 shillelagh "Devastator" {shatter}
  8869 | D:8      | Reached XP level 10. HP: 62/62 MP: 21/23
  8893 | D:8      | Reached * piety under Kikubaaqudgha
  8893 | D:8      | Received a gift from Kikubaaqudgha
  9336 | Lair:1   | Entered Level 1 of the Lair of Beasts
  9369 | Lair:1   | Noticed a cane toad
  9382 | Lair:1   | Killed a cane toad
  9383 | Lair:1   | Reached skill level 10 in Necromancy
  9386 | Lair:1   | Reached skill level 10 in Spellcasting
  9526 | Lair:1   | Noticed a cane toad
  9534 | Lair:1   | Noticed a cane toad
  9543 | Lair:1   | Killed a cane toad
  9554 | Lair:1   | Killed a cane toad
  9623 | Lair:1   | Noticed Sonja
  9663 | Lair:1   | Identified the +0 leather armour "Sool" {Str-4 Dex+6}
  9670 | Lair:1   | Killed Sonja
  9712 | Lair:1   | Gained mutation: You are vulnerable to heat. (rF-) [potion
                  | of mutation]
  9712 | Lair:1   | Gained mutation: You are strong-willed. (Will+) [potion of
                  | mutation]
  9712 | Lair:1   | Gained mutation: You occasionally lose the ability to drink
                  | potions when taking damage. [potion of mutation]
  9713 | Lair:1   | Lost mutation: You are vulnerable to heat. (rF-) [potion of
                  | mutation]
  9713 | Lair:1   | Lost mutation: You occasionally lose the ability to drink
                  | potions when taking damage. [potion of mutation]
  9713 | Lair:1   | Gained mutation: You are highly strong-willed. (Will++)
                  | [potion of mutation]
  9713 | Lair:1   | Gained mutation: Your flesh is heat resistant. (rF+)
                  | [potion of mutation]
  9714 | Lair:1   | Lost mutation: Your flesh is heat resistant. (rF+) [potion
                  | of mutation]
  9714 | Lair:1   | Lost mutation: You are highly strong-willed. (Will++)
                  | [potion of mutation]
  9714 | Lair:1   | Lost mutation: You are strong-willed. (Will+) [potion of
                  | mutation]
  9714 | Lair:1   | Gained mutation: You possess an exceptional clarity of
                  | mind. [potion of mutation]
  9714 | Lair:1   | Gained mutation: You are agile. (Dex +4, Str/Int -1)
                  | [potion of mutation]
  9767 | Lair:1   | Noticed a cane toad
  9773 | Lair:1   | Killed a cane toad
  9861 | Lair:1   | Noticed a cane toad
  9870 | Lair:1   | Killed a cane toad
 10246 | Lair:1   | Reached XP level 11. HP: 61/68 MP: 22/25
 10955 | Lair:2   | Slain by a blink frog

Illustrated notes

Levels and vault maps discovered:
D:1:      dpeg_arrival_short_road, layout_basic
D:2:      layout_basic, basic_altar
D:3:      layout_rooms, shapermc_ecumenical_altar_venn, amethyst_killhole,
          kennysheep_orc_chapel, uniq_ijyb
D:4:      layout_cave_pools, nemelex_dance_club_becter, led_xom_imps,
          nicolae_qazlal_beasts_of_the_sky, minmay_divided_ellipse
D:5:      minmay_general_purpose_star, layout_loops_ring, uniq_duvessa
D:6:      layout_basic, lemuel_crystal_altar, minmay_temple_entry_antechambers,
          st_stairs_3
D:7:      layout_rooms, mainiacjoe_overflow_alcove_2, serial_shops,
          nicolae_shop_pleasant_corner_grove, grunt_ministairs_6, uniq_maggie
D:8:      layout_loops_ring, erik_lair_orcish_takeover, serial_shops, shop,
          nicolae_stop_n_shop_1, serial_aquarium, aquarium_bridge_square
          [aquarium_subvault_bridge, aquarium_subvault_bridge,
          aquarium_subvault_wall, aquarium_subvault_bridge],
          aquarium_window_fake, aquarium_window_2, aquarium_view_2e,
          aquarium_view_2b, aquarium_balcony_5b, kennysheep_cluttered_room
Temple:   hellmonk_temple_divided_pantheon
Lair:1:   layout_regular_city, minivault_19, uniq_sonja
Lair:2:   layout_layer_cave, minmay_shoals_entry_beasts,
          guppyfry_snake_entry_garden, minivault_19, uniq_urug

Skill      XL: |  1  2  3  4  5  6  7  8  9 10 |
---------------+-------------------------------+-----
Necromancy     | 5 6 8 9 10 | 10.9
Stealth        | 2 3 |  3.4
Spellcasting   | 3 4 5 6 7 9 10 | 10.6
Translocations | 1 2 3 4 |  4.4
Dodging        | 2 3 |  3.8
Evocations     | 1 2 3 4 |  4.6
Air Magic      | 1 2 3 |  3.3
Conjurations   | |  0.1
Poison Magic   | |  0.2

Action                     |  1- 3 |  4- 6 |  7- 9 | 10-12 || total
---------------------------+-------+-------+-------+-------++-------
  Melee: Spear             |     3 |       |       |       ||     3
         Whip              |     8 |    46 |   182 |       ||   236
         Kick              |       |     4 |    64 |    33 ||   101
         Punch             |       |       |     3 |     2 ||     5
         Short sword       |       |       |    26 |    72 ||    98
         Shillelagh        |       |       |       |     2 ||     2
   Cast: Necrotise         |    62 |    66 |   118 |    29 ||   275
         Vampiric Draining |       |     4 |    27 |    22 ||    53
         Hailstorm         |       |       |     2 |       ||     2
         Ensorcelled Hiber |       |       |     1 |       ||     1
         Mephitic Cloud    |       |       |       |     4 ||     4
         Teleport Other    |       |       |       |     2 ||     2
         Agony             |       |       |       |     1 ||     1
    Use: Scroll            |       |       |     9 |     1 ||    10
         Potion            |       |       |       |     3 ||     3
   Stab: Sleeping          |     1 |     2 |     3 |       ||     6
         Distracted        |     1 |       |       |       ||     1
 Armour: Robe              |    10 |    14 |    28 |       ||    52
         Steam dragon scal |       |       |    19 |    15 ||    34
  Dodge: Dodged            |    12 |    31 |   190 |    99 ||   332

Table legend: (Time is in decaauts)
 A = Elapsed time spent in this place.
 B = Non-inter-level travel time spent in this place.
 C = Inter-level travel time spent in this place.
 D = Time resting spent in this place.
 E = Time spent auto-exploring this place.
 F = Levels seen in this place.
 G = Mean time per level.
                   A        B        C        D        E       F      G
               +--------+--------+--------+--------+--------+-----+--------+
         Total |  10986 |  10630 |    356 |   2196 |   6163 |  11 |  998.7 |
       Dungeon |   9346 |   9134 |    212 |   1780 |   5491 |   8 | 1168.2 |
        Temple |     64 |     64 |      0 |      0 |      0 |   1 |   64.0 |
          Lair |   1574 |   1430 |    144 |    416 |    672 |   2 |  787.0 |
               +--------+--------+--------+--------+--------+-----+--------+

Top non-repeatable levels by time:
  Lair:1: 1558 daAuts
     D:5: 1414 daAuts
     D:8: 1317 daAuts
     D:3: 1303 daAuts
     D:4: 1249 daAuts
     D:2: 1162 daAuts
     D:7: 1140 daAuts
     D:1: 936 daAuts
     D:6: 822 daAuts
  Temple: 64 daAuts
  Lair:2: 16 daAuts
